Map: 宿怨战场-天梯版

Players

Bly - Winner!

  • Race: Zerg Zerg

Seventy

  • Race: Protoss Protoss
  • League: Diamond

Event: WESG 2018 Grand Finals

VOD

Have the link to the VOD?

Description

Time

  • Played on: March 12, 2019, 4:36 a.m.
  • Length: 4:08

All games in this series

Show
View Real Time Build Order
Export as new Build Order

Bly Zerg - Winner!

Build Orders: Pool First 

Get SALT Encoding   

  12  0:02  Drone  
  13  0:12  Overlord  
  13  0:17  Drone  
  14  0:31  Drone x2  
  16  0:41  Spawning Pool  
  15  0:46  Drone  
  15  0:49  Drone  
  17  1:00  Extractor  
  16  1:14  Hatchery  
  15  1:18  Drone  
  15  1:20  Drone  
  17  1:31  Zergling x4  
  19  1:40  Zergling x2  
  20  1:51  Zergling x2  
  21  1:55  Roach Warren  
  19  2:07  Drone  
  22  2:13  Overlord  
  22  2:19  Burrow  
  18  2:45  Roach x4  
  18  2:50  Roach  
  28  2:51  Drone  
  29  3:08  Drone x3  
  29  3:11  Queen  
  34  3:14  Drone  
  35  3:24  Overlord  
  34  3:28  Drone  
  34  3:43  Roach  
  34  3:44  Roach x3  
Show
View Real Time Build Order
Export as new Build Order

Seventy Protoss 

Build Orders:  

Get SALT Encoding   

  1  0:00  Probe  
  12  0:06  Probe  
  14  0:19  Pylon  
  14  0:22  Probe  
  15  0:37  Probe  
  16  0:42  Gateway  
  16  0:49  Probe  
  17  0:55  Assimilator  
  17  0:58  Probe  
  18  1:24  Probe  
  19  1:28  Assimilator  
  19  1:32  Cybernetics Core  
  19  1:36  Probe  
  20  1:41  Zealot  
  22  1:49  Gateway  
  22  1:53  Pylon  
  22  2:00  Probe  
  23  2:01  Adept  
  23  2:12  Probe, Warp Gate  
  26  2:33  Pylon  
  24  2:38  Adept  
  24  2:41  Pylon  
  24  2:43  Adept  
  25  2:49  Probe  
  24  3:07  Pylon  
  23  3:16  Probe  
  23  3:24  Probe  
  23  3:28  Adept  
  23  3:32  Probe  
  29  3:44  Probe  
Tags
 
Add a new tag
Caveats
  • Supply blocks, unpowered buildings, or Contaminate may cause inaccurate times.
  • Supply counts are checked every 10 seconds.